[Event "*** Titled Tuesday Blitz"]
[Site "Chess.com"]
[Date "2020.02.04"]
[Round "4"]
[White "temus_galaktionov"]
[Black "FearNoEvil12"]
[Result "1-0"]
[WhiteElo "2711"]
[BlackElo "2008"]
[TimeControl "180+2"]
[EndTime "9:50:04 PST"]
[Termination "temus_galaktionov won by resignation"]

1. d4 b5 2. e4 a6 3. c4 bxc4 4. Bxc4 e6 5. Nc3 Bb7 6. Nf3 d6 7. O-O Nf6 8. Re1 Nbd7 9. e5 Ng8 10. Bf4 d5 11. Bb3 Ne7 12. Ba4 Ng6 13. Be3 Be7 14.
a3 O-O 15. b4 Nb6 16. Bb3 f5 17. Na4 Nxa4 18. Bxa4 Bc8 19. Bc6 Rb8 20. Qc2 Bd7 21. Rec1 Bc8 22. Bd2 Kh8 23. Ne1 Bg5 24. Nd3 Bxd2 25.
Qxd2 f4 26. f3 Qh4 27. Qf2 Qh5 28. Rc3 Ne7 29. Ba4 Rb7 30. Rac1 c6 31. Bxc6 Nxc6 32. Rxc6 Bd7 33. Rd6 Bb5 34. Nc5 Re7 35. Nxe6 Rg8 36. Nxf4 Qf5 37. Nxd5 Rf7 38. Qe3 g5 39. Rf6 Rxf6 40.
Nxf6 Rd8 41. Rc7 h6 42. Qe4 1-0

[Event "*** Titled Tuesday Blitz"]
[Site "Chess.com"]
[Date "2020.02.04"]
[Round "4"]
[White "zurzan"]
[Black "Irishchessman16"]
[Result "0-1"]
[WhiteElo "1996"]
[BlackElo "2233"]
[TimeControl "180+2"]
[EndTime "9:50:05 PST"]
[Termination "Irishchessman16 won by checkmate"]

1. f4 Nf6 2. Nf3 d5 3. g3 c6 4. Bg2 Qb6 5. d4 Bf5 6. O-O e6 7. c3 c5 8. e3 Nc6 9. Kh1 Be7 10.
h3 O-O 11. Nbd2 Ne4 12. Kh2 Nxd2 13. Nxd2 Bd3 14. Rf2 Rfc8 15. Nf3 Be4 16. g4 Qc7 17. Ne5 Bxg2 18. Kxg2 Nxe5 19. fxe5 f6 20. Qf3 Rf8 21.
Qg3 fxe5 22. dxe5 Rxf2+ 23. Kxf2 Rf8+ 24. Kg2 Qb6 25. b3 Qb5 26. Qe1 Qd3 27. Bd2 Qe4+ 28. Kg1 Rf3 29. Kh2 Qxe5+ 30. Kg2 Qe4 31. Kh2 Bd6+ 32.
Kg2 Rxe3+ 33. Kf2 Bg3+ 34. Kf1 Qh1# 0-1

[Event "*** Titled Tuesday Blitz"]
[Site "Chess.com"]
[Date "2020.02.04"]
[Round "4"]
[White "hanzo_hasashi1"]
[Black "Firouzja2003"]
[Result "1-0"]
[WhiteElo "2862"]
[BlackElo "3153"]
[TimeControl "180+2"]
[EndTime "9:50:08 PST"]
[Termination "hanzo_hasashi1 won by resignation"]

1. Nf3 d5 2. e3 Nf6 3. c4 e6 4.
Nc3 Be7 5. b3 O-O 6. Bb2 c5 7.
cxd5 Nxd5 8. Qc2 b6 9. Be2 Bb7 10. O-O Nc6 11. Rac1 Rc8 12. h3 h6 13. Rfd1 Bf6 14.
Ne4 Bxb2 15. Qxb2 Qe7 16. d4 cxd4 17. Nxd4 Nxd4 18. Qxd4 Rcd8 19. Ng3 Qa3 20. Nh5 f6 21. b4 Qa4 22. Qg4 Qd7 23. e4 f5 24. Qg3 fxe4 25. Rxd5 exd5 26. Rc7 d4 27. Bc4+ Kh8 28. Be6 e3 29. Rxd7 Rxd7 30. Bxd7 exf2+ 31.
Kf1 1-0

[Event "*** Titled Tuesday Blitz"]
[Site "Chess.com"]
[Date "2020.02.04"]
[Round "4"]
[White "Colombiano07"]
[Black "Didici"]
[Result "1-0"]
[WhiteElo "2284"]
[BlackElo "2670"]
[TimeControl "180+2"]
[EndTime "9:50:15 PST"]
[Termination "Colombiano07 won by resignation"]

1. e4 b6 2. Nc3 Bb7 3. Nf3 e6 4. Bc4 Bb4 5. Qe2 Nf6 6. e5 Bxc3 7. bxc3 Nd5 8. O-O d6 9. Ba3 dxe5 10. Nxe5 Qg5 11.
f4 Qf5 12. Bb5+ c6 13. Bd3 Qf6 14. f5 Nd7 15. fxe6 Qxe6 16. Bf5 Qxe5 17. Bxd7+ Kxd7 18. Qxe5 f6 19. Qd6+ Kc8 20. Qe6+ Kc7 21. Bd6+ Kd8 22. c4 Re8 23. Qf7 1-0

[Event "*** Titled Tuesday Blitz"]
[Site "Chess.com"]
[Date "2020.02.04"]
[Round "4"]
[White "GMSrinath"]
[Black "FelixJoseYnojosa"]
[Result "1-0"]
[WhiteElo "2975"]
[BlackElo "2663"]
[TimeControl "180+2"]
[EndTime "9:50:29 PST"]
[Termination "GMSrinath won by resignation"]

1. e4 c5 2. Nf3 Nc6 3. Bb5 e6 4. O-O Nge7 5. Re1 Nd4 6. Nxd4 cxd4 7. d3 a6 8. Ba4 Ng6 9. Bb3 Bd6 10. Nd2 b5 11. a4 Bb7 12. axb5 axb5 13. Rxa8 Bxa8 14. Qh5 Qb6 15. g3 Qc6 16. Bd5 Qc5 17. b4 Qa7 18. Bxa8 Qxa8 19. Qxb5 O-O 20. Qxd7 Rd8 21. Qb5 Ne5 22. f4 Nc6 23. Nf3 Bxb4 24. Rf1 Bc3 25. Qh5 f6 26. e5 Nb4 27. exf6 gxf6 28. f5 e5 29. Bh6 Qb7 30. Nxe5 fxe5 31. Qg5+ Kf7 32.
Qg7+ Ke8 33. Qxb7 1-0

[Event "*** Titled Tuesday Blitz"]
[Site "Chess.com"]
[Date "2020.02.04"]
[Round "4"]
[White "marabu44"]
[Black "Taran2004"]
[Result "1-0"]
[WhiteElo "2314"]
[BlackElo "1954"]
[TimeControl "180+2"]
[EndTime "9:50:31 PST"]
[Termination "marabu44 won by checkmate"]

1. Nf3 Nf6 2. d4 g6 3. g3 Bg7 4. Bg2 O-O 5. O-O d6 6. c4 c6 7. Nc3 Nbd7 8. Bg5 h6 9. Bxf6 Nxf6 10. e4 e5 11. d5 cxd5 12. cxd5 Nd7 13. Rc1 a5 14. Nb5 Nc5 15. Nd2 Ra6 16. Nc4 f5 17.
Ncxd6 Rxd6 18. Rxc5 Rb6 19. a4 f4 20. f3 Qg5 21. g4 h5 22. h3 hxg4 23. hxg4 Qh6 24. Qb3 Bf6 25. Rfc1 Bd7 26. Rc7 Bxb5 27. axb5 Bd8 28.
Rc8 Rd6 29. Qa3 g5 30. Kf1 Bb6 31. Rxf8+ Kxf8 32. Rc8+ Ke7 33. Qc3 Qh4 34. Qxe5+ Kd7 35. Qe8# 1-0

[Event "*** Titled Tuesday Blitz"]
[Site "Chess.com"]
[Date "2020.02.04"]
[Round "4"]
[White "EmmaChess"]
[Black "DDTerziev04"]
[Result "1-0"]
[WhiteElo "2460"]
[BlackElo "2211"]
[TimeControl "180+2"]
[EndTime "9:50:34 PST"]
[Termination "EmmaChess won on time"]

1. Nf3 Nf6 2. d3 d5 3. Nbd2 Nc6 4. e4 dxe4 5. dxe4 e5 6. Bb5 Bc5 7. O-O Bg4 8. h3 Bxf3 9. Bxc6+ bxc6 10. Qxf3 O-O 11.
Nb3 Bb6 12. a4 a5 13. Bg5 h6 14. Bxf6 Qxf6 15. Qxf6 gxf6 16. Rad1 Rad8 17. Rfe1 Rd6 18. Rd2 Rfd8 19. Red1 Kf8 20. Kf1 Ke7 21. Ke2 Ke6 22. Rd3 f5 23. Nd2 fxe4 24. Nxe4 Rxd3 25. cxd3 f5 26. Nd2 Rd4 27. b3 Bc5 28. Rc1 Kd5 29.
Nc4 Rf4 30. f3 Bb6 31. g3 Rd4 32. Ne3+ Ke6 33. Rxc6+ Rd6 34. Rc4 Bxe3 35. Kxe3 c6 36. Rc5 Rd4 37. Rxc6+ Kd5 38. Ra6 f4+ 39. gxf4 exf4+ 40. Kd2 Rb4 41. Kc3 1-0

[Event "*** Titled Tuesday Blitz"]
[Site "Chess.com"]
[Date "2020.02.04"]
[Round "4"]
[White "miroslavsavic"]
[Black "AwareIdea"]
[Result "0-1"]
[WhiteElo "2147"]
[BlackElo "2433"]
[TimeControl "180+2"]
[EndTime "9:50:34 PST"]
[Termination "AwareIdea won on time"]

1. Nf3 Nf6 2. d4 d5 3. c4 e6 4. Nc3 Bb4 5. Bg5 dxc4 6. e4 b5 7. e5 h6 8. exf6 hxg5 9. fxg7 Rg8 10. a4 c6 11. g3 Rxg7 12. Bg2 Bb7 13. O-O a6 14.
Ne5 Kf8 15. Qh5 Kg8 16. Ne4 Be7 17. axb5 axb5 18. Rxa8 Bxa8 19. Rd1 Nd7 20. Nxd7 Qxd7 21. h4 gxh4 22. gxh4 Qd5 23. Qxd5 cxd5 24. Ra1 Bc6 25. Ra7 Be8 26. Rxe7 Kf8 27. Rxe8+ Kxe8 28. Nd6+ Ke7 29. Nxb5 Rg4 30. h5 Rh4 31. Bf3 Rf4 32. Kg2 Rf6 33. Kg3 Rh6 34. Kg4 f6 35. Nc3 Rh8 36.
Kh4 Rb8 37. h6 Rxb2 38. Nd1 Rb8 39. Kh5 Kf7 40. Nc3 Rb3 41. Bxd5 Rxc3 0-1

[Event "*** Titled Tuesday Blitz"]
[Site "Chess.com"]
[Date "2020.02.04"]
[Round "4"]
[White "Azatic"]
[Black "AntonSmirnov"]
[Result "0-1"]
[WhiteElo "2643"]
[BlackElo "2915"]
[TimeControl "180+2"]
[EndTime "9:50:35 PST"]
[Termination "AntonSmirnov won by checkmate"]

1. e4 e5 2. Nf3 Nc6 3. Bb5 f5 4. d3 fxe4 5. dxe4 Nf6 6. O-O Bc5 7. Bxc6 bxc6 8. Nxe5 O-O 9. Nd3 Bb6 10. Bg5 Qe8 11.
Bxf6 Rxf6 12. e5 Rf5 13. Nc3 Ba6 14. Qg4 Qf7 15. Ne4 Bxd3 16. cxd3 Rxe5 17. Kh1 h6 18. a4 Rae8 19. f4 Rf5 20. Ng3 Rd5 21. f5 Rd4 22.
Qf3 Qd5 23. a5 Qxf3 24. Rxf3 Bc5 25. Ne4 Be7 26. h3 Bf6 27. Ra3 Rb4 28. Nxf6+ gxf6 29. Rg3+ Kf7 30. Rg6 Rh8 31. Rc3 Rxb2 32. Rc4 Rb5 33. g4 Rxa5 34. Rb4 Rb5 35. Rd4 Rd5 36. Ra4 Rxd3 37. Rxa7 Rxh3+ 38. Kg2 Rd3 39. Rxc7 Rd5 40. Kg3 h5 41. Ra7 h4+ 42. Kf4 h3 43. Ra1 h2 44.
Rh1 Rh3 45. Ke4 Ra5 46. Kd4 d6 47. Ke4 Ra4# 0-1

[Event "*** Titled Tuesday Blitz"]
[Site "Chess.com"]
[Date "2020.02.04"]
[Round "4"]
[White "RojonR"]
[Black "Saloni1299"]
[Result "1-0"]
[WhiteElo "2428"]
[BlackElo "2110"]
[TimeControl "180+2"]
[EndTime "9:50:42 PST"]
[Termination "RojonR won by resignation"]

1. e4 e6 2. d4 d5 3. e5 c5 4. c3 Nc6 5. Nf3 Qb6 6. Na3 cxd4 7.
cxd4 Bb4+ 8. Bd2 Nxd4 9. Nxd4 Qxd4 10. Qa4+ Bd7 11. Qxb4 Qxe5+ 12. Be2 a5 13. Qc3 d4 14.
Qg3 Qxg3 15. hxg3 Ne7 16. Nb5 Bxb5 17. Bxb5+ Nc6 18. Rc1 Kd7 19. Ke2 Kd6 20. Rc4 e5 21.
Bxc6 bxc6 22. Rhc1 Rhc8 23. f4 f6 24. Ra4 Rcb8 25.
b3 Rb5 26. Rac4 Ra6 27. g4 h6 28. fxe5+ fxe5 29. g5 hxg5 30. Bxg5 Rb7 31. Kd3 Rb5 32. Ke4 Ra7 33. Rxc6+ Kd7 34. Rg6 1-0

[Event "*** Titled Tuesday Blitz"]
[Site "Chess.com"]
[Date "2020.02.04"]
[Round "4"]
[White "Sjakkerntobi"]
[Black "karinachess1"]
[Result "0-1"]
[WhiteElo "2281"]
[BlackElo "2511"]
[TimeControl "180+2"]
[EndTime "9:50:50 PST"]
[Termination "karinachess1 won by resignation"]

1. e4 c5 2. Nf3 e6 3. d4 cxd4 4. Nxd4 a6 5. c4 Nf6 6. Nc3 Bb4 7. Qd3 Qc7 8. a3 Be7 9. Be2 d6 10. O-O Nbd7 11. f4 b6 12. b4 Bb7 13. Bb2 O-O 14. g4 d5 15. cxd5 exd5 16. e5 Ne4 17. Rac1 Qd8 18.
Qh3 Rc8 19. Bd3 a5 20. Nf5 axb4 21. Nxd5 Bc5+ 22. Rxc5 Ndxc5 23. Nde7+ Kh8 24. e6 Nc3 25. Nd6 Nxd3 26. Nxf7+ Rxf7 27. Ng6+ Kg8 28. exf7+ Kxf7 29. Ne5+ Nxe5 30. fxe5+ Kg8 31. axb4 Qd4+ 32. Rf2 Rf8 33. Qg3 Qd1+ 0-1

[Event "*** Titled Tuesday Blitz"]
[Site "Chess.com"]
[Date "2020.02.04"]
[Round "4"]
[White "BeanScreen"]
[Black "sganerdene"]
[Result "0-1"]
[WhiteElo "2562"]
[BlackElo "2743"]
[TimeControl "180+2"]
[EndTime "9:50:58 PST"]
[Termination "sganerdene won on time"]

1. e4 c5 2. Nf3 e6 3. d4 cxd4 4. Nxd4 Nc6 5. Nc3 d6 6. Be3 Nf6 7. f3 Be7 8. Qd2 O-O 9. O-O-O d5 10. exd5 Nxd5 11. Nxd5 Qxd5 12. Nxc6 Qxc6 13. Bd3 e5 14. Be4 Qa4 15. Bd5 Rd8 16. Qc3 Bf5 17. Bb3 Qb5 18.
Qc7 Kf8 19. a4 Qe2 20. Bc5 Re8 21. Rhe1 Qxg2 22. Rxe5 Be6 23. Bxe6 fxe6 24. Rde1 Kg8 25. Bxe7 Rac8 26. R1e2 Qxe2 27. Qxc8 Qf1+ 0-1

[Event "*** Titled Tuesday Blitz"]
[Site "Chess.com"]
[Date "2020.02.04"]
[Round "4"]
[White "guna1976"]
[Black "kuli4ik"]
[Result "0-1"]
[WhiteElo "2248"]
[BlackElo "2843"]
[TimeControl "180+2"]
[EndTime "9:51:02 PST"]
[Termination "kuli4ik won by resignation"]

1. d4 e6 2. Nf3 d5 3. Bf4 Nf6 4. e3 c5 5. c3 Nc6 6. Nbd2 Nh5 7. Bg5 Qb6 8. Qb3 h6 9. Bh4 g5 10. Bg3 Nxg3 11. hxg3 Bg7 12. Qa3 cxd4 13. exd4 g4 14. Nh4 Bd7 15. Bd3 O-O-O 16. Qb3 Qc7 17. Qc2 Kb8 18.
O-O-O Rc8 19. Kb1 Qd6 20. Nb3 Nxd4 21. Nxd4 Bxd4 22. Qe2 Rxc3 23. Bb5 Bxb5 24. Qxb5 Rc4 25. Rd2 Rhc8 26. Rhd1 a6 27. Qb3 Bf6 28. Qd3 Qc5 29. a3 h5 30. f3 Rc1+ 31. Ka2 Rxd1 32. Rxd1 Qf2 0-1

[Event "*** Titled Tuesday Blitz"]
[Site "Chess.com"]
[Date "2020.02.04"]
[Round "4"]
[White "Andro2"]
[Black "Ariadna_Atreides"]
[Result "1-0"]
[WhiteElo "2422"]
[BlackElo "2064"]
[TimeControl "180+2"]
[EndTime "9:51:08 PST"]
[Termination "Andro2 won on time"]

1. e4 c5 2. Nf3 d6 3. d4 cxd4 4. Nxd4 Nf6 5. Nc3 Nc6 6. Bg5 e6 7. Qd2 a6 8. O-O-O Bd7 9. f4 Be7 10. Kb1 Qc7 11. Be2 b5 12. Bxb5 axb5 13. Ndxb5 Qb8 14.
Nxd6+ Bxd6 15. Qxd6 Qxd6 16. Rxd6 h6 17. Bh4 Rg8 18.
Rhd1 g5 19. fxg5 hxg5 20. Bg3 O-O-O 21. Rf1 Nh5 22. Rxf7 Nxg3 23. hxg3 Ne5 24. Re7 Rgf8 25. b3 Rf1+ 26. Kb2 Rf2 27. a4 Rxg2 28. a5 Kb7 29. a6+ Ka8 30. Rexe6 Rxg3 31. Rxe5 Rg2 32. Red5 1-0

[Event "*** Titled Tuesday Blitz"]
[Site "Chess.com"]
[Date "2020.02.04"]
[Round "4"]
[White "tunadrol"]
[Black "Abund"]
[Result "1/2-1/2"]
[WhiteElo "2580"]
[BlackElo "2754"]
[TimeControl "180+2"]
[EndTime "9:51:09 PST"]
[Termination "Game drawn by repetition"]

1. e4 c5 2. Nf3 Nc6 3. d4 cxd4 4. Nxd4 Nf6 5. f3 e5 6. Nb5 d6 7. c4 Be7 8. Be3 O-O 9. Be2 Be6 10. O-O a6 11. N5a3 Nh5 12. Nc3 Bg5 13. Bf2 Nd4 14. Bxd4 exd4 15. Qxd4 Bf4 16. Qf2 Qg5 17. Nc2 Ng3 18.
Rfd1 Qh4 19. Bd3 Rac8 20. Re1 Rc5 21. Nd5 Bxd5 22. exd5 b5 23. b3 bxc4 24. Bxc4 g6 25. Rad1 Rcc8 26. Rd4 Ne2+ 27. Rxe2 Qxh2+ 28. Kf1 Rce8 29. Qg1 Qg3 30. Qf2 Qh2 31. Qg1 Qg3 32. Qf2 Qh2 1/2-1/2

[Event "*** Titled Tuesday Blitz"]
[Site "Chess.com"]
[Date "2020.02.04"]
[Round "4"]
[White "Hadza_3"]
[Black "SONOFHOLYGOD"]
[Result "0-1"]
[WhiteElo "2400"]
[BlackElo "2604"]
[TimeControl "180+2"]
[EndTime "9:51:09 PST"]
[Termination "SONOFHOLYGOD won by resignation"]

1. e4 c5 2. Nc3 e6 3. g3 g6 4.
Bg2 Bg7 5. d3 Nc6 6. h4 h5 7.
Nge2 Nge7 8. O-O O-O 9. Nf4 Nd4 10. Nce2 Nec6 11. c3 Nxe2+ 12. Qxe2 d6 13. Be3 Bd7 14. Bh3 e5 15. Bxd7 exf4 16. Bxc6 fxe3 17.
Bxb7 exf2+ 18. Rxf2 Rb8 19. Bd5 Be5 20. Kg2 Kg7 21.
Raf1 f6 22. Qe3 Qb6 23. Rd1 f5 24. exf5 Qd8 25. Rdf1 Rxf5 26. Rxf5 gxf5 27. Rxf5 Rxb2+ 28.
Kh3 Kg6 29. Qf3 Qxh4+ 0-1

[Event "*** Titled Tuesday Blitz"]
[Site "Chess.com"]
[Date "2020.02.04"]
[Round "4"]
[White "platy3"]
[Black "Kobalia"]
[Result "1-0"]
[WhiteElo "2915"]
[BlackElo "2646"]
[TimeControl "180+2"]
[EndTime "9:51:11 PST"]
[Termination "platy3 won by resignation"]

1. e4 c6 2. Nf3 d5 3. Nc3 Bg4 4. h3 Bxf3 5. Qxf3 e6 6. g3 Nf6 7. Bg2 Bb4 8. e5 Nfd7 9. Qg4 Bf8 10. f4 g6 11. O-O h5 12. Qe2 c5 13. Nxd5 exd5 14.
e6 Nf6 15. f5 g5 16. d3 Nc6 17. Bxg5 Be7 18. Rae1 Nd4 19. Qe5 Nc6 20. Qf4 h4 21.
g4 Kf8 22. Bh6+ Ke8 23. Bg7 Rh7 24. Bh6 Qd6 25. Qg5 Kd8 26. exf7 Rxf7 27. Qg6 Nxg4 28. Qxd6+ Bxd6 29. hxg4 Bg3 30. Re6 Nd4 31. Rg6 Kc7 32.
Bxd5 Rd7 33. Be4 Nxc2 34. f6 Nd4 35. f7 Bd6 36. Rxd6 1-0

[Event "*** Titled Tuesday Blitz"]
[Site "Chess.com"]
[Date "2020.02.04"]
[Round "4"]
[White "Nikolakis2014"]
[Black "Quiet_Desperation"]
[Result "1-0"]
[WhiteElo "2706"]
[BlackElo "2436"]
[TimeControl "180+2"]
[EndTime "9:51:13 PST"]
[Termination "Nikolakis2014 won by resignation"]

1. Nf3 Nf6 2. c4 e6 3. g3 d5 4. Bg2 Be7 5. d4 O-O 6. O-O c6 7. Qc2 b6 8. Nbd2 Bb7 9. b3 Nbd7 10. Bb2 Rc8 11. e4 dxc4 12. bxc4 Re8 13. e5 Nh5 14.
Ne4 c5 15. Rad1 cxd4 16. Rxd4 Qc7 17. Nd6 Bxd6 18. exd6 Qd8 19. Rfd1 e5 20. Rh4 g6 21.
Rxh5 gxh5 22. Qf5 h6 23. Nxe5 Nxe5 24. Bxb7 Rc5 25. Bd5 Qg5 26. d7 Rd8 27. Qxe5 Qxe5 28. Bxe5 Rxd7 29. Rd4 b5 30. Be6 Rxd4 31. Bxd4 Rc6 32.
Bd5 Rd6 33. Bxa7 bxc4 34. Bxc4 Rd1+ 35. Kg2 Rc1 36. Bb3 Rc7 37. Be3 1-0

[Event "*** Titled Tuesday Blitz"]
[Site "Chess.com"]
[Date "2020.02.04"]
[Round "4"]
[White "riconaipe"]
[Black "Gordima"]
[Result "0-1"]
[WhiteElo "2531"]
[BlackElo "2785"]
[TimeControl "180+2"]
[EndTime "9:51:15 PST"]
[Termination "Gordima won by resignation"]

1. d4 d5 2. g3 Bf5 3. Bg2 e6 4. Nf3 h6 5. O-O c6 6. b3 Nf6 7.
Bb2 Be7 8. c4 O-O 9. Nbd2 Nbd7 10. Rc1 a5 11. c5 Bh7 12. a3 Ne4 13. Nxe4 Bxe4 14. Qd2 Bf6 15. h4 Qe7 16. Ne5 Bxe5 17. Bxe4 Bxg3 18. fxg3 dxe4 19. Kh2 f5 20. Kh3 Nf6 21. Qf4 Nd5 22. Qe5 Qf6 23. Qxf6 gxf6 24. Rcd1 h5 25. Bc1 Kf7 26. Bf4 Rg8 27. Bd6 Ne3 28.
Rb1 Nxf1 29. Rxf1 Ke8 30. e3 Kd7 31. Rb1 Rg4 32. Rf1 Rag8 33. Rg1 Re8 34. Rd1 Kc8 35.
Rf1 Rg6 36. Rf2 Rd8 37. Bf4 Rd5 38. Rf1 Kd7 39. b4 e5 40. dxe5 fxe5 41. Bg5 Ke6 42. Rb1 Rg7 43. Rb2 a4 44. b5 Rxc5 45. bxc6 Rxc6 46.
Rb4 Ra6 47. Rb5 b6 48. Bd8 Rb7 49. Kg2 Ra5 50. Rb4 Ra8 51. Bg5 b5 52. Kf2 Rc8 53. Ke2 Rc2+ 54. Kd1 Ra2 55. Rb1 Rd7+ 56. Ke1 Rc7 57.
g4 fxg4 58. Kd1 g3 59. Rxb5 g2 60. Rb6+ Kf5 61. Rf6+ Kg4 0-1

[Event "*** Titled Tuesday Blitz"]
[Site "Chess.com"]
[Date "2020.02.04"]
[Round "4"]
[White "killer311"]
[Black "hypert"]
[Result "0-1"]
[WhiteElo "2229"]
[BlackElo "2462"]
[TimeControl "180+2"]
[EndTime "9:51:15 PST"]
[Termination "hypert won by resignation"]

1. d4 Nf6 2. Nf3 d5 3. c4 e6 4. e3 Bb4+ 5. Nbd2 c5 6. cxd5 exd5 7. Bd3 c4 8. Bc2 O-O 9. O-O Bg4 10. h3 Bh5 11. a3 Ba5 12. b4 Bc7 13. Bb2 Nc6 14. Rc1 b5 15. e4 dxe4 16. Nxe4 Nd5 17. Nc3 Nxc3 18. Bxc3 Qd5 19. Re1 Rfe8 20. Re3 Bf4 21. Rxe8+ Rxe8 22. Rb1 Bc7 23. g4 Bg6 24. Nd2 Bxc2 25.
Qxc2 Nxd4 26. Bxd4 Qxd4 27. Nf3 Qf4 28. Kg2 h5 29.
gxh5 Bb6 30. Rd1 Rd8 31. Rxd8+ Bxd8 32. Qd1 Bf6 33. Qd7 a6 34. Qe8+ Kh7 35. Qxf7 Qf5 36. Qc7 c3 37. Qc6 Qxh5 38. Qe4+ Qg6+ 39. Qxg6+ Kxg6 40. Kf1 c2 0-1

[Event "*** Titled Tuesday Blitz"]
[Site "Chess.com"]
[Date "2020.02.04"]
[Round "4"]
[White "LastGladiator1"]
[Black "gena217"]
[Result "1-0"]
[WhiteElo "2837"]
[BlackElo "2996"]
[TimeControl "180+2"]
[EndTime "9:51:19 PST"]
[Termination "LastGladiator1 won by resignation"]

1. d4 Nf6 2. c4 e6 3. Nc3 Bb4 4. f3 O-O 5. a3 Bxc3+ 6. bxc3 Ne8 7. e4 d6 8. Ne2 c5 9. h4 Nc6 10. Kf2 f5 11. exf5 Rxf5 12. Rb1 b6 13. Kg1 Rf7 14.
Ng3 Nf6 15. Rb2 Ba6 16. h5 h6 17. Rh4 Qd7 18. Qe1 e5 19. d5 Na5 20. Ne4 Raf8 21. a4 Nxe4 22. Qxe4 Qxa4 23. Bxh6 gxh6 24. Rg4+ Rg7 25.
Rxg7+ Kxg7 26. Qg6+ Kh8 27. Qxh6+ Kg8 28. Qg5+ Kh8 29.
Qh6+ Kg8 30. Qg6+ Kh8 31. Qxd6 Qe8 32. Qh6+ Kg8 33. Qg5+ Kh8 34. Re2 Qf7 35. Qh6+ Kg8 36. Rxe5 Bc8 37. Rg5+ 1-0

[Event "*** Titled Tuesday Blitz"]
[Site "Chess.com"]
[Date "2020.02.04"]
[Round "4"]
[White "FairChess_on_YouTube"]
[Black "Tjktiger"]
[Result "1-0"]
[WhiteElo "3045"]
[BlackElo "2748"]
[TimeControl "180+2"]
[EndTime "9:51:25 PST"]
[Termination "FairChess_on_YouTube won by resignation"]

1. d4 Nf6 2. c4 c5 3. d5 e5 4. Nc3 d6 5. e4 Nbd7 6. Bd3 a6 7. Nge2 Be7 8. O-O h5 9. a3 h4 10. b4 Nh5 11. Bc2 O-O 12. Rb1 Bg5 13. Na4 b6 14. Nac3 a5 15. bxc5 Nxc5 16. Na4 Nd7 17.
Nec3 Bxc1 18. Qxc1 Nf4 19. Qe3 Qg5 20. g3 Nf6 21. Kh1 Ng4 22. gxf4 exf4 23. Qxb6 f3 24. Rg1 Ra6 25. Rxg4 Qxg4 26. Rg1 Rxb6 27. Rxg4 Bxg4 28. Nxb6 Rb8 29. Nca4 f6 30. Bd1 Kf8 31. Kg1 Ke7 32. Kf1 Bd7 33. Ke1 Bxa4 34. Nxa4 Rb1 35. Kd2 Ra1 36. Nc3 Rxa3 37. Kc2 a4 38. Kb2 Rb3+ 39. Bxb3 axb3 40. Nd1 f5 41. exf5 Kf6 42. Ne3 Ke5 43.
Kxb3 Kd4 44. Kc2 Ke4 45. Kc3 Kf4 46. Kd4 1-0

[Event "*** Titled Tuesday Blitz"]
[Site "Chess.com"]
[Date "2020.02.04"]
[Round "4"]
[White "KRASAVCHIK2002"]
[Black "DevikBronstein"]
[Result "0-1"]
[WhiteElo "2514"]
[BlackElo "2724"]
[TimeControl "180+2"]
[EndTime "9:51:26 PST"]
[Termination "DevikBronstein won by resignation"]

1. e4 c5 2. Nf3 d6 3. Bb5+ Bd7 4. Bxd7+ Nxd7 5. O-O Ngf6 6. Qe2 Rc8 7. c3 e6 8. d4 cxd4 9. cxd4 d5 10. e5 Ne4 11.
Be3 Be7 12. Ne1 f5 13. Nd3 O-O 14. f3 Ng5 15. Nc3 Nf7 16. Rfc1 Nb6 17. b3 Ba3 18. Rc2 a6 19. Qf2 Rc6 20. Nb1 Rxc2 21. Qxc2 Be7 22. Nc3 Qc7 23. Qb2 Rc8 24. Rc1 Qd7 25. g3 Rc6 26. a4 Qc7 27. Kg2 Nd7 28. h4 Nf8 29. Nf2 Bb4 30. Ne2 Rxc1 31. Qxc1 Qxc1 32. Nxc1 Nd8 33. Ncd3 Nc6 34. Nxb4 Nxb4 35. Nd1 Nd7 36. Kf1 Nc2 37. Bg1 Na1 38. b4 Nc2 39. b5 axb5 40.
axb5 Kf7 41. Ke2 Ke8 42. Kd3 Na3 43. Nc3 Kd8 44. Kd2 Kc7 45. Kc1 Kb6 46. Kb2 Nxb5 47. Na4+ Kc6 48. Kb3 b6 49. Kb4 Nc7 50. Nc3 Nb8 51.
Be3 Nba6+ 52. Kb3 Nb5 53. Nxb5 Kxb5 54. Bg5 Nb8 55. h5 Nc6 0-1

[Event "*** Titled Tuesday Blitz"]
[Site "Chess.com"]
[Date "2020.02.04"]
[Round "4"]
[White "isla88"]
[Black "vlad_Sid"]
[Result "0-1"]
[WhiteElo "2323"]
[BlackElo "2698"]
[TimeControl "180+2"]
[EndTime "9:51:33 PST"]
[Termination "vlad_Sid won by resignation"]

1. c4 c5 2. Nf3 Nc6 3. Nc3 g6 4. e3 Bg7 5. d4 cxd4 6. exd4 Nf6 7. d5 Nb8 8. Be2 O-O 9. O-O d6 10. Bg5 Nbd7 11. Re1 Nc5 12. Rc1 Nfe4 13. Nxe4 Nxe4 14.
Qb3 Nxg5 15. Nxg5 Qb6 16. Rc2 Bf5 17. Rd2 Bh6 18. h4 f6 19. g4 Bd7 20. Ne4 Bxd2 21. Nxd2 Qxb3 22. Nxb3 Kf7 23. Bf3 a6 24. Nd4 b5 25. c5 dxc5 26. d6 e5 27. Bd5+ Kg7 28. Bxa8 Rxa8 29. Nb3 Rc8 30. Rc1 c4 31. Na5 Bxg4 32.
Kf1 Kf7 33. Ke1 Ke6 34. Nb7 Bf3 35. Na5 Kxd6 36. Rc3 e4 37. b3 Kc5 38. bxc4 Kb4 39. Kd2 Kxa5 40. c5 b4 0-1

[Event "*** Titled Tuesday Blitz"]
[Site "Chess.com"]
[Date "2020.02.04"]
[Round "4"]
[White "MusicCityMaster"]
[Black "GM-2023"]
[Result "1-0"]
[WhiteElo "2426"]
[BlackElo "2090"]
[TimeControl "180+2"]
[EndTime "9:51:34 PST"]
[Termination "MusicCityMaster won on time"]

1. Nf3 Nf6 2. c4 g6 3. g3 Bg7 4.
Bg2 O-O 5. O-O c6 6. Nc3 d5 7. d4 dxc4 8. a4 Na6 9. Ne5 Be6 10.
e4 Nb4 11. f4 Nd7 12. Be3 Nxe5 13. dxe5 Qxd1 14. Raxd1 Nc2 15. Bc5 b6 16. Bf2 Rfd8 17.
h3 h5 18. Rc1 Nd4 19. Be3 Nb3 20. Rcd1 Kf8 21. f5 Rxd1 22. Nxd1 gxf5 23. exf5 Bd5 24. f6 exf6 25. exf6 Bh8 26. Bh6+ Ke8 27. Re1+ Kd8 28. Bg7 Bxg2 29. Kxg2 Kd7 30. Re7+ Kd6 31. Rxf7 Rg8 32. Rxa7 b5 33. f7 Rc8 34. f8=Q+ Rxf8 35. Bxf8+ Kd5 36. Nc3+ Kd4 37. axb5 1-0

[Event "*** Titled Tuesday Blitz"]
[Site "Chess.com"]
[Date "2020.02.04"]
[Round "4"]
[White "Funkmaus"]
[Black "vovachesss"]
[Result "0-1"]
[WhiteElo "2174"]
[BlackElo "2578"]
[TimeControl "180+2"]
[EndTime "9:51:45 PST"]
[Termination "vovachesss won by checkmate"]

1. d4 g6 2. Nf3 Bg7 3. g3 d6 4.
Bg2 Nf6 5. O-O O-O 6. c3 Nbd7 7. Nbd2 e5 8. dxe5 dxe5 9. Nc4 Qe7 10. b3 Rd8 11.
Ba3 Qe8 12. Qc2 Nd5 13. e4 N5b6 14. Ne3 Nf8 15. Rad1 Bd7 16. Nd5 Ne6 17. Ne7+ Kh8 18. Nd5 Bc6 19. c4 Nd7 20. Bh3 Bxd5 21. cxd5 Nd4 22. Nxd4 exd4 23. Qxc7 Rac8 24. Qxb7 Rc2 25. Rc1 Rxa2 26. Bxd7 Rxd7 27. Rc8 Rd8 28. Rfc1 Bf6 29.
Rxd8 Bxd8 30. Bc5 d3 31. Bd4+ Kg8 32. Rd1 Qxe4 33. Qd7 Qxd4 34. Qxd8+ Kg7 35. d6 Qxf2+ 36. Kh1 Qg2# 0-1

[Event "*** Titled Tuesday Blitz"]
[Site "Chess.com"]
[Date "2020.02.04"]
[Round "4"]
[White "iLuusions"]
[Black "pedromartinez91"]
[Result "0-1"]
[WhiteElo "2574"]
[BlackElo "2413"]
[TimeControl "180+2"]
[EndTime "9:51:48 PST"]
[Termination "pedromartinez91 won by resignation"]

1. d4 d5 2. c4 Bf5 3. Nf3 e6 4. Nc3 Nc6 5. a3 dxc4 6. e4 Bg4 7.
d5 exd5 8. exd5 Ne5 9. Qe2 Bd6 10.
Bf4 Bxf3 11. gxf3 Qe7 12. Bxe5 Bxe5 13. O-O-O Bxc3 14. Qxe7+ Nxe7 15. bxc3 O-O-O 16. Bxc4 Rd6 17. Bb3 Rf6 18. Rd3 Kd8 19. c4 b6 20. Rhd1 Nc8 21.
Ba4 Nd6 22. Rc3 Rf4 23. Bb3 Re8 24. Kd2 Re5 25. Re1 Rxe1 26. Kxe1 f6 27. Ke2 Nf7 28. c5 Ne5 29. Bc2 h5 30. Ke3 Rxf3+ 31. Kd4 Rxc3 32. Kxc3 bxc5 33. f4 Nf3 34. Bd1 Nxh2 35. Bxh5 Ke7 36. f5 Nf1 37. Kd3 Kd6 38. Bf7 Ke5 39. Be6 Ng3 40. Kc4 Nxf5 41. Kxc5 Ne7 42.
Kb5 Nxd5 43. Bh3 f5 44. Kc6 f4 45. Bg2 Ne3 46. Bh1 g5 47. Kxc7 g4 0-1